 Dungeon Crawl Stone Soup version 0.22-a0-247-gbddf880 (webtiles) character file.

75 wolfsongas the Ducker (level 4, -1/41 HPs)
             Began as a Gnoll Wanderer on Feb 23, 2018.
             Slain by a hobgoblin
             ... wielding a +0 club
              (6 damage)
             ... on level 2 of the Dungeon.
             The game lasted 00:01:41 (998 turns).

wolfsongas the Ducker (Gnoll Wanderer)               Turns: 998, Time: 00:01:42

Health: -1/41      AC:  6    Str: 13    XL:     4   Next: 31%
Magic:  6/6        EV: 15    Int: 19    God:
Gold:   49         SH:  0    Dex: 12    Spells: 5/5 levels left

rFire    . . .     SeeInvis .     - Unarmed
rCold    . . .     Gourm    .   (no shield)
rNeg     . . .     Faith    .   a - +2 leather armour
rPois    .         Spirit   .   (no helmet)
rElec    .         Reflect  .   (no cloak)
rCorr    .         Harm     .   (no gloves)
MR       .....                  (no boots)
Stlth    +.........             (no amulet)
HPRegen  0.13/turn              k - +1 ring of protection
MPRegen  0.10/turn              (no ring)

@: no status effects
A: distributed training, fangs 1, strong nose
a: no special abilities


You were on level 2 of the Dungeon.
You were not hungry.

You visited 1 branch of the dungeon, and saw 2 of its levels.

You collected 49 gold pieces.

Inventory:

Hand Weapons
 b - a +0 shortbow
Missiles
 c - 4 arrows
Armour
 a - a +2 leather armour (worn)
Jewellery
 k - a +1 ring of protection (left hand)
Scrolls
 d - a scroll of teleportation
Potions
 e - a potion of lignification
 h - a potion of curing
 j - a potion of haste
Comestibles
 f - a ration
 g - 4 chunks of flesh


   Skills:
 + Level 6.6 Fighting
 + Level 1.1 Short Blades
 + Level 1.1 Long Blades
 + Level 1.1 Axes
 + Level 1.1 Maces & Flails
 + Level 1.1 Polearms
 + Level 1.1 Staves
 + Level 1.1 Slings
 + Level 2.7 Bows
 + Level 1.1 Crossbows
 + Level 2.7 Throwing
 + Level 2.7 Armour
 + Level 6.6 Dodging
 + Level 1.1 Stealth
 + Level 1.1 Shields
 + Level 1.1 Unarmed Combat
 + Level 1.1 Spellcasting
 + Level 0.8 Conjurations
 + Level 0.8 Hexes
 + Level 0.8 Charms
 + Level 0.8 Summonings
 + Level 0.8 Necromancy
 + Level 0.8 Translocations
 + Level 0.8 Transmutations
 + Level 0.8 Fire Magic
 + Level 0.8 Ice Magic
 + Level 0.8 Air Magic
 + Level 0.8 Earth Magic
 + Level 0.8 Poison Magic
 + Level 1.2 Invocations
 + Level 2.7 Evocations


You had 5 spell levels left.
You didn't know any spells.

Dungeon Overview and Level Annotations

Branches:
Dungeon (2/15)

Altars:


Innate Abilities, Weirdness & Mutations

Your experience applies equally to all skills.
You have very sharp teeth.
Your uncanny sense of smell can sniff out nearby items.


Message History

You hit the adder.
You kill the adder!
You feel sick.
Found a stone staircase leading down.
A hobgoblin comes into view. It is wielding a club.
You feel sick.
The hobgoblin shouts!
Found a fizzy dark potion.
Found a ring mail.
The hobgoblin closely misses you.
You closely miss the hobgoblin.
You feel sick. The hobgoblin barely misses you.
You barely miss the hobgoblin.
The hobgoblin hits you but does no damage.
You hit the hobgoblin but do no damage. Your bite misses the hobgoblin.
The hobgoblin completely misses you.
You hit the hobgoblin but do no damage. The hobgoblin closely misses you.
You barely miss the hobgoblin.
You feel sick.
You are no longer poisoned.
The hobgoblin hits you with a club.
You die...

#.#..P####
#.#
#.##.##
..# #.##.#
### #.##.#
#.##.#
#.##.#
#.##.####
##........
#.@......[
#..g..####
#....!#
##...>#
#......
#...####
#...#
#...#


You could see a hobgoblin.

Vanquished Creatures
  2 adders (D:2)
  A worm (D:2)
  2 dart slugs
  3 leopard geckos (D:1)
  An orc (D:2)
  3 giant cockroaches (D:1)
  3 goblins
  4 hobgoblins
  7 jackals (D:1)
  2 kobolds (D:1)
  A quokka (D:2)
  4 bats (D:1)
  2 frilled lizards
  8 rats
43 creatures vanquished.

Notes
Turn   | Place    | Note
-------+----------+-------------------------------------------
     0 | D:1      | wolfsongas the Gnoll Wanderer began the quest for the Orb.
     0 | D:1      | wolfsongas set off with: a +2 leather armour, a +0 shortbow, 21 arrows, a scroll of teleportation, a ration
     0 | D:1      | Reached XP level 1. HP: 23/23 MP: 2/2
    91 | D:1      | Reached XP level 2. HP: 29/29 MP: 3/3
   180 | D:1      | Reached XP level 3. HP: 35/35 MP: 4/4
   682 | D:2      | Reached skill level 1 in Invocations
   743 | D:2      | Reached skill level 1 in Short Blades
   743 | D:2      | Reached skill level 1 in Long Blades
   743 | D:2      | Reached skill level 1 in Axes
   743 | D:2      | Reached skill level 1 in Maces & Flails
   743 | D:2      | Reached skill level 1 in Polearms
   743 | D:2      | Reached skill level 1 in Staves
   743 | D:2      | Reached skill level 1 in Slings
   743 | D:2      | Reached skill level 1 in Crossbows
   743 | D:2      | Reached skill level 1 in Stealth
   743 | D:2      | Reached skill level 1 in Shields
   743 | D:2      | Reached skill level 1 in Unarmed Combat
   743 | D:2      | Reached skill level 1 in Spellcasting
   776 | D:2      | Reached XP level 4. HP: 38/41 MP: 6/6
   998 | D:2      | Slain by a hobgoblin

Vault maps used:
D:1:      dpeg_arrival_three_same_balls
D:2:      kennysheep_slug_shrine, serial_bayou, serial_bayou_pond_e,
          serial_bayou_crossing, serial_bayou_pond_d, serial_bayou_pond_c

Skill      XL: |  1  2  3 |
---------------+----------+-----
Invocations    | 1 |  1.2
Short Blades   | 1 |  1.1
Long Blades    | 1 |  1.1
Axes           | 1 |  1.1
Maces & Flails | 1 |  1.1
Polearms       | 1 |  1.1
Staves         | 1 |  1.1
Slings         | 1 |  1.1
Crossbows      | 1 |  1.1
Stealth        | 1 |  1.1
Shields        | 1 |  1.1
Unarmed Combat | 1 |  1.1
Spellcasting   | 1 |  1.1
Fighting       | |  6.6
Bows           | |  2.7
Throwing       | |  2.7
Armour         | |  2.7
Dodging        | |  6.6
Conjurations   | |  0.8
Hexes          | |  0.8
Charms         | |  0.8
Summonings     | |  0.8
Necromancy     | |  0.8
Translocations | |  0.8
Transmutations | |  0.8
Fire Magic     | |  0.8
Ice Magic      | |  0.8
Air Magic      | |  0.8
Earth Magic    | |  0.8
Poison Magic   | |  0.8
Evocations     | |  2.7

Action                   |  1- 3 |  4- 6 || total
-------------------------+-------+-------++-------
Melee: Unarmed           |     1 |   102 ||   103
       Bite              |       |    11 ||    11
 Fire: Shortbow          |    81 |       ||    81
  Use: Scroll            |     4 |     1 ||     5
Armor: Leather armour    |     3 |    14 ||    17
Dodge: Dodged            |    17 |    59 ||    76

Table legend:
 A = Spawn XP
 B = Non-spawn XP
 C = Spawn XP percentage of total XP
 D = Spawn monster count
 E = Non-spawn monster count
 F = Spawn count percentage of total count
 G = Total turns spent on level
                    A         B        C        D         E        F      G
               +---------+---------+-------+---------+---------+-------+---------
         Total |       0 |     108 |   0.0 |       0 |      43 |   0.0 |   998
               +---------+---------+-------+---------+---------+-------+---------
           D:1 |       0 |      56 |   0.0 |       0 |      29 |   0.0 |   678
           D:2 |       0 |      52 |   0.0 |       0 |      14 |   0.0 |   320
               +---------+---------+-------+---------+---------+-------+---------
